 Dungeon Crawl Stone Soup version 0.22.1-6-g1668fe2 (webtiles) character file.

109 doot the Conjurer (level 4, 0/33 HPs)
             Began as a Demigod Conjurer on Jan 21, 2019.
             Killed from afar by an orc wizard (8 damage)
             ... with a magic dart
             ... on level 3 of the Dungeon.
             The game lasted 00:05:28 (1684 turns).

doot the Conjurer (Demigod Conjurer)                Turns: 1684, Time: 00:05:29

Health: 0/33       AC:  3    Str: 11    XL:     4   Next: 34%
Magic:  3/10       EV: 13    Int: 21    God:
Gold:   105        SH:  0    Dex: 16    Spells: 1/7 levels left

rFire    . . .     SeeInvis .   f - +0 whip
rCold    . . .     Gourm    .   (no shield)
rNeg     . . .     Faith    .   a - +0 robe
rPois    .         Spirit   .   (no helmet)
rElec    .         Reflect  .   (no cloak)
rCorr    .         Harm     .   (no gloves)
MR       .....                  h - +0 pair of boots
Stlth    ++........             (no amulet)
HPRegen  0.11/turn              (no ring)
MPRegen  0.12/turn              (no ring)

@: no status effects
A: high mp 1
a: no special abilities


You were on level 3 of the Dungeon.
You were not hungry.

You visited 1 branch of the dungeon, and saw 3 of its levels.

You collected 105 gold pieces.

Inventory:

Hand Weapons
 f - a +0 whip (weapon)
Armour
 a - a +0 robe (worn)
 h - a +0 pair of boots (worn)
Scrolls
 d - a scroll of teleportation {unknown}
 e - 2 scrolls of remove curse {unknown}
 g - 5 scrolls of fog {unknown}
 i - a scroll of identify {unknown}
Potions
 b - a potion of heal wounds {unknown}
 k - 2 potions of lignification {unknown}
 l - a potion of invisibility {unknown}
Comestibles
 c - 2 rations
 j - 3 chunks of flesh


   Skills:
 + Level 0.2 Fighting
 + Level 0.5 Maces & Flails
 + Level 2.0 Dodging
 + Level 2.3 Stealth
 + Level 2.4 Spellcasting
 + Level 4.6 Conjurations


You had one spell level left.
You knew the following spells:

 Your Spells              Type           Power        Failure   Level  Hunger
a - Magic Dart            Conj           ###.         2%          1    None
b - Searing Ray           Conj           ###...       3%          2    ##.....
c - Dazzling Spray        Conj/Hex       ##....       16%         3    ###....

Your spell library contained the following spells:

 Spells                   Type           Power        Failure   Level  Hunger
 Iskenderun's Mystic Bla  Conj           ###.....     22%         4    ####...
 Force Lance              Conj/Tloc      ##......     47%         4    ####...
 Fulminant Prism          Conj/Hex       ##........   47%         4    ####...


Dungeon Overview and Level Annotations

Branches:
Dungeon (3/15)


Innate Abilities, Weirdness & Mutations

You have an increased reservoir of magic. (+10% MP)


Message History

The goblin shouts!
The goblin closely misses you.
There is a stone staircase leading up here.
The giant cockroach barely misses you.
There is a stone staircase leading up here.
The giant cockroach waves its antennae. x2
The giant cockroach misses you.
The giant cockroach bites you but does no damage.
There is a stone staircase leading down here.
The giant cockroach bites you but does no damage.
The giant cockroach barely misses you.
You climb downwards.
An adder, 2 orcs and an orc wizard come into view.
Found a whip, 24 arrows and a pair of boots.
Found a stone staircase leading up.
There is a stone staircase leading up here.
The giant cockroach completely misses you.
The orc wizard casts a spell at you. The magic dart hits you!
You die...

# . .##
..#######..
#.......#.
#........##
...)......#
.......@o.#
........s.#
........o.o.S
........(..###
#.........##
..........#
...........
...[....<.##


You could see an orc wizard, an adder (sleeping), 2 orcs and a giant cockroach.

Vanquished Creatures
  A howler monkey (D:2)
  2 adders (D:2)
  An ooze (D:1)
  A worm (D:2)
  A dart slug (D:1)
  A leopard gecko (D:1)
  4 bats (D:1)
  3 giant cockroaches (D:1)
  3 goblins
  7 hobgoblins
  4 jackals (D:2)
  6 kobolds
  4 frilled lizards
  3 rats
41 creatures vanquished.

Notes
Turn   | Place    | Note
-------+----------+-------------------------------------------
     0 | D:1      | doot the Demigod Conjurer began the quest for the Orb.
     0 | D:1      | Reached XP level 1. HP: 14/14 MP: 5/5
   202 | D:1      | Reached skill level 4 in Conjurations
   301 | D:1      | Reached XP level 2. HP: 20/20 MP: 2/7
   553 | D:1      | Learned a level 2 spell: Searing Ray
   933 | D:1      | Reached XP level 3. HP: 26/26 MP: 2/8
   997 | D:1      | Learned a level 3 spell: Dazzling Spray
  1484 | D:2      | Found a white marble altar of Elyvilon.
  1540 | D:2      | Found a shattered altar of Ashenzari.
  1639 | D:2      | Reached XP level 4. HP: 19/33 MP: 2/10
  1684 | D:3      | Killed from afar by an orc wizard

Skill      XL: |  1  2  3 |
---------------+----------+-----
Conjurations   | 4 |  4.6
Spellcasting   | 2 |  2.4
Stealth        | 2 |  2.3
Dodging        | 2 |  2.0
Fighting       | |  0.2
Maces & Flails | |  0.5

Action                   |  1- 3 |  4- 6 || total
-------------------------+-------+-------++-------
Melee: Whip              |    18 |     4 ||    22
       Unarmed           |     4 |       ||     4
 Cast: Magic Dart        |    72 |     3 ||    75
       Searing Ray       |     4 |       ||     4
  Eat: Chunk             |     3 |       ||     3
Armor: Robe              |     7 |     7 ||    14
Dodge: Dodged            |    19 |    13 ||    32
